Map: Abiogênese LE

Players

CereBraal

  • Race: Protoss Protoss
  • League: Silver
  • Spawn Location: 5:00

IagoAbreu - Winner!

  • Race: Zerg Zerg
  • League: Gold
  • Spawn Location: 11:00

VOD

Have the link to the VOD?

Description

Time

  • Played on: April 1, 2018, 6:52 p.m.
  • Length: 15:32
Show
View Real Time Build Order
Export as new Build Order

CereBraal Protoss 

Build Orders:  

Get SALT Encoding   

  12  0:01  Probe  
  13  0:14  Probe (Chrono Boost)  
  14  0:23  Probe (Chrono Boost)  
  14  0:26  Pylon  
  15  0:33  Assimilator  
  15  0:48  Gateway  
  15  0:52  Probe  
  16  1:04  Probe  
  17  1:16  Probe  
  18  1:22  Pylon  
  18  1:28  Probe  
  18  1:30  Assimilator  
  19  1:38  Cybernetics Core  
  19  1:40  Probe (Chrono Boost)  
  20  1:52  Probe (Chrono Boost)  
  21  1:57  Probe (Chrono Boost)  
  22  2:06  Probe  
  23  2:18  Probe  
  23  2:22  Stargate  
  24  2:25  Stargate  
  24  2:42  Stalker (Chrono Boost)  
  26  3:04  Void Ray (Chrono Boost)  
  30  3:34  Pylon  
  30  3:35  Pylon  
  30  3:52  Void Ray  
  32  4:29  Void Ray  
  36  4:44  Pylon, Protoss Air Weapons Level 1 (Chrono Boost)  
  36  4:45  Pylon  
  36  4:47  Pylon  
  36  4:58  Void Ray (Chrono Boost)  
  40  5:13  Nexus  
  40  5:23  Void Ray (Chrono Boost)  
  44  5:58  Void Ray  
  48  6:20  Void Ray  
  52  6:28  Probe  
  53  6:39  Assimilator  
  53  6:40  Probe  
  53  6:42  Assimilator  
  54  6:48  Void Ray  
  54  6:52  Probe  
  54  6:53  Probe  
  60  7:04  Probe  
  60  7:05  Probe  
  62  7:09  Protoss Air Armor Level 1 (Chrono Boost)  
  62  7:16  Probe  
  62  7:17  Probe  
  64  7:27  Twilight Council  
  64  7:29  Probe  
  65  7:35  Void Ray  
  69  7:41  Probe  
  70  7:52  Void Ray  
  74  8:00  Nexus  
  74  8:18  Void Ray  
  78  8:20  Robotics Facility  
  78  8:35  Void Ray  
  82  8:49  Fleet Beacon  
  82  8:55  Pylon  
  82  8:57  Pylon  
  82  8:59  Pylon  
  82  9:03  Void Ray  
  86  9:12  Probe  
  87  9:23  Void Ray  
  91  9:24  Probe  
  93  9:31  Observer  
  93  9:36  Probe  
  94  9:41  Assimilator  
  94  9:42  Protoss Air Weapons Level 2 (Chrono Boost)  
  94  9:45  Assimilator  
  94  9:48  Probe  
  96  9:52  Observer  
  96  10:01  Void Ray, Probe  
  101  10:19  Probe  
  102  10:28  Void Ray  
  102  10:31  Probe  
  107  10:36  Observer  
  108  10:44  Void Ray, Probe  
  113  10:56  Probe  
  114  10:57  Observer  
  115  11:08  Probe  
  116  11:11  Void Ray  
  59  11:48  Void Ray  
  59  11:54  Void Ray  
  67  12:31  Void Ray  
  67  12:37  Void Ray  
  67  13:14  Void Ray  
Show
View Real Time Build Order
Export as new Build Order

IagoAbreu Zerg - Winner!

Build Orders: Pool First 

Get SALT Encoding   

  12  0:01  Drone  
  13  0:09  Drone  
  14  0:18  Overlord  
  14  0:38  Spawning Pool  
  14  0:39  Drone  
  14  0:43  Drone  
  14  0:46  Drone  
  16  0:54  Drone  
  17  1:05  Drone  
  17  1:09  Extractor  
  17  1:14  Extractor  
  16  1:20  Drone  
  17  1:30  Roach Warren  
  16  1:35  Queen  
  18  1:49  Drone x2  
  18  1:50  Drone  
  21  2:01  Overlord  
  21  2:17  Overlord  
  21  2:23  Overlord  
  21  2:55  Zergling x2  
  21  2:56  Zergling x8  
  26  2:59  Metabolic Boost  
  26  3:09  Drone  
  26  3:10  Hatchery  
  26  3:17  Evolution Chamber  
  25  3:27  Queen  
  25  3:34  Roach x2  
  31  3:38  Drone  
  27  4:27  Lair  
  27  4:29  Zergling x2  
  27  4:30  Roach x3, Zergling x2  
  27  4:31  Roach  
  37  4:58  Zerg Missile Weapons Level 1  
  37  5:14  Overlord x2  
  37  5:20  Hatchery  
  36  5:33  Drone x2  
  36  5:34  Drone x2  
  40  5:54  Queen  
  42  6:03  Drone  
  42  6:04  Drone x4  
  45  6:05  Drone  
  48  6:30  Drone x3  
  48  6:31  Drone  
  52  6:34  Drone x2  
  52  6:35  Drone x2  
  56  6:45  Drone  
  56  6:46  Drone  
  58  6:51  Hydralisk Den  
  57  7:01  Spore Crawler  
  57  7:08  Overseer  
  57  7:40  Overlord x2  
  57  7:41  Overlord x5  
  56  8:07  Overseer  
  56  8:08  Overseer x2  
  57  8:34  Drone x5  
  57  8:35  Drone  
  57  8:37  Hydralisk x5  
  57  8:38  Hydralisk x7  
  57  8:39  Hydralisk  
  88  8:48  Extractor  
  88  8:50  Extractor  
  88  8:54  Grooved Spines  
  86  8:58  Zerg Missile Weapons Level 2  
  86  9:10  Burrow  
  86  9:15  Drone x4  
  86  9:16  Drone  
  91  9:35  Hydralisk x7  
  91  9:36  Hydralisk x4  
  91  9:38  Overlord x4  
  113  9:39  Overlord  
  113  9:52  Pneumatized Carapace  
  113  10:13  Muscular Augments  
  113  10:18  Overseer  
  113  10:19  Overseer x2  
  113  10:44  Hydralisk x2  
  113  10:45  Hydralisk x7  
  113  10:46  Hydralisk x5  
  113  10:47  Hydralisk  
  143  10:51  Zergling x4  
  143  10:52  Zergling x12  
  151  10:58  Extractor  
  151  10:59  Extractor  
  151  11:03  Overlord x5  
  151  11:04  Overlord  
  125  11:31  Queen  
  95  11:33  Hydralisk  
  95  11:34  Hydralisk x6  
  91  12:17  Hydralisk x3  
  91  12:18  Hydralisk x6  
  91  13:36  Hydralisk x6  
  91  13:37  Hydralisk x7  
  91  13:38  Hydralisk x5  
Tags
 
Add a new tag
Caveats
  • Supply blocks, unpowered buildings, or Contaminate may cause inaccurate times.
  • Supply counts are checked every 10 seconds.